 Dungeon Crawl Stone Soup version 0.31-a0-210-gccc998df9b (webtiles) character file.

Game seed: 16487815191505701833

104 benadryl the Chopper (level 4, -1/41 HPs)
             Began as a Minotaur Monk on June 30, 2023.
             Slain by an orc priest
             ... wielding a +0 club
              (3 damage)
             ... on level 2 of the Dungeon.
             The game lasted 00:01:48 (2080 turns).

benadryl the Chopper (Minotaur Monk)                Turns: 2080, Time: 00:01:49

Health: -1/41      AC:  2    Str: 17    XL:     4   Next: 52%
Magic:  3/3        EV: 13    Int:  7    God:
Gold:   174        SH:  0    Dex: 13    Spells: 3/3 levels left

rFire   . . .        a - +0 hand axe
rCold   . . .        d - orb {light}
rNeg    . . .        b - +0 robe
rPois   .            (helmet restricted)
rElec   .            (no cloak)
rCorr   .            (no gloves)
SInv    .            (no boots)
Will    +....        (no amulet)
Stlth   +            (no ring)
HPRegen 0.26/turn    (no ring)
MPRegen 0.08/turn

%: no passive effects
@: enlightened, flying (expiring), glowing
A: horns 2, retaliatory headbutt
a: no special abilities


You were on level 2 of the Dungeon.
You visited 1 branch of the dungeon, and saw 3 of its levels.

You collected 174 gold pieces.

Inventory:

Hand Weapons
 a - a +0 hand axe (weapon)
Armour
 b - a +0 robe (worn)
 d - an orb of light (worn)
Jewellery
 n - the ring "Ivvarphu" {Ice rN+ Str-2 SInv Stlth+}
   (You found it on level 2 of the Dungeon)

   [ring of ice]

   It enhances your ice magic.
   Str:       It affects your strength (-2).
   rF:        It makes you vulnerable to fire.
   rC:        It protects you from cold.
   rN:        It protects you from negative energy.
   SInv:      It lets you see invisible.
   Stlth:     It makes you more stealthy.
 p - a ring of protection from cold
Scrolls
 g - 4 scrolls of identify {@r1}
 h - a scroll of revelation
 j - a scroll of teleportation
 k - a scroll of immolation {unknown}
 l - 3 scrolls of fear {unknown}
 m - a scroll of noise {unknown}
 o - a scroll of torment {unknown}
 q - a scroll of blinking {unknown}
Potions
 c - a potion of ambrosia
 e - a potion of invisibility
 i - a potion of enlightenment


   Skills:
 + Level 4.7 Fighting
 * Level 5.7 Axes
 - Level 3.2 Dodging


You had 3 spell levels left.
You didn't know any spells.
Your spell library contained the following spells:

 Spells                   Type           Power      Damage    Failure   Level
 Apportation              Tloc           0%         N/A       43%         1
 Necrotise                Necr           0%         1d4       43%         1
 Summon Small Mammal      Summ           0%         N/A       43%         1


Dungeon Overview and Level Annotations

Branches:
Dungeon (3/15)

Altars:
Hepliaklqana


Innate Abilities, Weirdness & Mutations

You have a pair of horns on your head.
You reflexively headbutt those who attack you in melee.


Message History

As you read the scroll labelled DIYK ZEUNIKH, it crumbles to dust.
You feel strangely unstable.
It was a scroll of teleportation.
The orc hits you but does no damage.
You hit the orc priest.
The orc priest is lightly wounded.
You hit the orc but do no damage. The orc barely misses you.
You furiously retaliate!
You headbutt the orc!
You kill the orc!
The orc priest barely misses you.
You hit the orc priest. Your headbutt misses the orc priest.
The orc priest is lightly wounded.
Your surroundings suddenly seem different.
Found a stone staircase leading up.
You start resting.
You flicker for a moment.
You start resting.
You flicker back into view.
You start resting.
An orc priest is nearby!
An orc priest is nearby!
The orc priest completely misses you.
There is a stone staircase leading up here.
The orc priest barely misses you.
You fly upwards.
Reactivating autopickup.
There is a stone staircase leading down here.
You hit the orc priest.
The orc priest is lightly wounded.
The orc priest calls down the wrath of Beogh upon you.
Beogh smites you!
* * * LOW HITPOINT WARNING * * *
Okay, then.
You barely miss the orc priest.
The orc priest is lightly wounded.
The orc priest closely misses you.
You hit the orc priest.
The orc priest is moderately wounded.
You are starting to lose your buoyancy.
The orc priest hits you with a +0 club.
You die...

#.# #.## #..... #.##
#..####...#.
########..#####.>.##...#.
#............####..#...#.
#..........#.## ##.#.....
#......)...#..###.......#
#.................##...##
############..#......#..#
#@.(...######..#..
##o##....#####..##.
#..##.<..##........
#.###.............. #.#
##.............
#####.###..............
#######
#.........####.........
#.....###.#.......##
##.......#
#......).†.........#
#.........


You could see an orc priest.

Vanquished Creatures
  A gnoll (D:1)
  4 adders
  A worm (D:2)
  A dart slug (D:1)
  An orc (D:3)
  5 endoplasms
  A giant cockroach (D:3)
  5 goblins
  4 hobgoblins
  5 quokkas
  7 ball pythons
  5 bats
  3 frilled lizards
  5 kobolds
  3 rats
51 creatures vanquished.

Notes
Turn   | Place    | Note
-------+----------+-------------------------------------------
     0 | D:1      | benadryl the Minotaur Monk began the quest for the Orb.
     0 | D:1      | Reached XP level 1. HP: 19/19 MP: 0/0
   293 | D:1      | Reached skill level 4 in Axes
   307 | D:1      | Reached XP level 2. HP: 4/27 MP: 1/1
   623 | D:1      | Reached XP level 3. HP: 27/33 MP: 2/2
  1274 | D:2      | Reached skill level 5 in Axes
  1356 | D:2      | Reached XP level 4. HP: 37/41 MP: 3/3
  1412 | D:2      | Identified the ring "Ivvarphu" {Ice rN+ Str-2 SInv Stlth+}
  1608 | D:3      | Found a hazy altar of Hepliaklqana.
  1872 | D:3      | Found a faded altar of an unknown god.
  2078 | D:2      | HP: 2/41 [orc priest/divine providence (15)]
  2080 | D:2      | Slain by an orc priest

Illustrated notes

Levels and vault maps discovered:
D:1:      elethiomel_arrival_maze, layout_loops_ring
D:2:      layout_rooms
D:3:      layout_basic, mainiacjoe_overflow_surrounded_room,
          nicolae_ecumenical_snake_handling

Skill      XL: |  1  2  3 |
---------------+----------+-----
Axes           | 4 5 |  5.7
Fighting       | 4 |  4.7
Dodging        | |  3.2

Action                     |  1- 3 |  4- 6 || total
---------------------------+-------+-------++-------
  Melee: Hand axe          |    65 |    40 ||   105
         Headbutt          |     6 |     8 ||    14
    Use: Scroll            |       |     4 ||     4
         Potion            |       |     2 ||     2
 Armour: Robe              |     5 |     9 ||    14
  Dodge: Dodged            |    41 |    27 ||    68

Table legend: (Time is in decaauts)
 A = Elapsed time spent in this place.
 B = Non-inter-level travel time spent in this place.
 C = Inter-level travel time spent in this place.
 D = Time resting spent in this place.
 E = Time spent auto-exploring this place.
 F = Levels seen in this place.
 G = Mean time per level.
                   A        B        C        D        E       F      G
               +--------+--------+--------+--------+--------+-----+--------+
         Total |   2085 |   2002 |     83 |    213 |   1518 |   3 |  695.0 |
       Dungeon |   2085 |   2002 |     83 |    213 |   1518 |   3 |  695.0 |
               +--------+--------+--------+--------+--------+-----+--------+

Top non-repeatable levels by time:
     D:1: 1100 daAuts
     D:3: 516 daAuts
     D:2: 468 daAuts
